 Dungeon Crawl Stone Soup version 0.29-a0-330-g52719c12eb (webtiles) character file.

Game seed: 6546212807129725513

52 sammy202020 the Skirmisher (level 3, -1/45 HPs)
             Began as a Demonspawn Berserker on Apr 13, 2022.
             Was a Believer of Trog.
             Slain by an adder (3 damage)
             ... on level 3 of the Dungeon.
             The game lasted 00:02:33 (2415 turns).

sammy202020 the Skirmisher (Demonspawn Berserker)   Turns: 2415, Time: 00:02:33

Health: -1/45      AC:  3    Str: 17    XL:     3   Next: 60%
Magic:  3/3        EV: 12    Int: 10    God:    Trog [**....]
Gold:   98         SH:  0    Dex: 12    Spells: 2/2 levels left

rFire   . . .      SeeInvis .   a - +0 hand axe
rCold   . . .      Faith    .   (no shield)
rNeg    . . .      Spirit   .   b - +0 animal skin
rPois   .          Reflect  .   (no helmet)
rElec   .          Harm     .   (no cloak)
rCorr   .          Rampage  .   (no gloves)
Will    ++...                   (no boots)
Stlth   ..........              (no amulet)
HPRegen 1.15/turn               (no ring)
MPRegen 0.08/turn               (no ring)

@: berserking, lethally poisoned (-1 -> -1), strong-willed, regenerating, very
quick
A: sharp scales 1
a: Renounce Religion, Berserk, Trog's Hand


You were on level 3 of the Dungeon.
You worshipped Trog.
Trog was pleased with you.
You visited 1 branch of the dungeon, and saw 3 of its levels.

You collected 98 gold pieces.

Inventory:

Hand Weapons
 a - a +0 hand axe (weapon)
Missiles
 h - 6 poisoned darts (quivered)
Armour
 b - a +0 animal skin (worn)
Jewellery
 f - a ring of resist corrosion
Scrolls
 c - 2 scrolls of amnesia
 d - a scroll of immolation {unknown}
 i - 2 scrolls of summoning {unknown}
 o - a scroll of identify {unknown}
Potions
 e - 2 potions of degeneration {unknown}
 g - a potion of mutation {unknown}
 j - a potion of flight {unknown}
 k - a potion of brilliance {unknown}
 l - a potion of curing {unknown}
 m - a potion of attraction {unknown}
 n - a potion of invisibility {unknown}


   Skills:
 * Level 3.7 Fighting
 * Level 3.4 Axes
 + Level 2.2 Armour
 - Level 1.7 Dodging


You had 2 spell levels left.
You didn't know any spells.
Your spell library was empty.

Dungeon Overview and Level Annotations

Branches:
Dungeon (3/15)

Altars:


Innate Abilities, Weirdness & Mutations

You are partially covered in razor-sharp scales. (AC +1, Slay +1)


Message History

You are too injured to fight recklessly!
You are too injured to fight recklessly!
You are too injured to fight recklessly!
You are too injured to fight recklessly!
An adder is nearby!
An adder is nearby!
You hit the adder.
The adder is almost dead.
You feel sick. The adder barely misses you.
You completely miss the adder.
The adder is almost dead.
You feel sick. The adder bites you but does no damage.
The adder closely misses you.
You barely miss the adder.
The adder is almost dead.
You feel sick. The adder closely misses you.
You barely miss the adder.
The adder is almost dead.
You feel sick. The adder bites you.
* * * LOW HITPOINT WARNING * * *
You are more poisoned.
The adder poisons you! The adder bites you.
* * * LOW HITPOINT WARNING * * *
Your skin crawls.
You feel strong-willed.
You feel sick. The adder closely misses you.
Okay, then.
You closely miss the adder.
The adder is almost dead.
You feel sick. The adder bites you.
* * * LOW HITPOINT WARNING * * *
The adder bites you.
* * * LOW HITPOINT WARNING * * *
You barely miss the adder.
The adder is almost dead.
You feel sick. The adder bites you but does no damage.
A red film seems to cover your vision as you go berserk!
You feel yourself moving faster!
You feel mighty!
You feel sick. The adder bites you.
You die...

####+####
#.......##### #.♣♣@♣
.#...# #.
#.♣.♣S♣.#...# #.
#..♣♣♣..#...########.
#.♣.♣.♣.#............
#.♣♣.♣♣.#...##......#
#.......#.####......#
####'####.# #......#
#......# #....††.
######## #......#


You could see an adder.

Vanquished Creatures
  A worm (D:2)
  A dart slug (D:1)
  6 endoplasms
  3 giant cockroaches
  7 goblins
  5 hobgoblins
  7 ball pythons
  6 bats
  A frilled lizard (D:1)
  5 kobolds
  2 rats
44 creatures vanquished.

Notes
Turn   | Place    | Note
-------+----------+-------------------------------------------
     0 | D:1      | sammy202020 the Demonspawn Berserker began the quest for
                  | the Orb.
     0 | D:1      | Reached XP level 1. HP: 18/18 MP: 1/1
   494 | D:1      | Gained mutation: You are partially covered in razor-sharp
                  | scales. (AC +1, Slay +1) [demonic ancestry]
   494 | D:1      | Reached XP level 2. HP: 8/24 MP: 2/2
  1337 | D:2      | Reached XP level 3. HP: 28/29 MP: 3/3
  1707 | D:2      | Reached ** piety under Trog
  2413 | D:3      | HP: 1/30 [adder (2)]
  2415 | D:3      | Slain by an adder

Illustrated notes

Levels and vault maps discovered:
D:1:      mainiacjoe_arrival_reflecting_pool, layout_basic
D:2:      layout_loops_corners
D:3:      layout_rooms, kennysheep_generic_room_9, uniq_crazy_yiuf_cottage

Skill      XL: |  1  2 |
---------------+-------+-----
Armour         | 2 |  2.2
Axes           | 3 |  3.4
Fighting       | |  3.7
Dodging        | |  1.7

Action                   || total
-------------------------++-------
Melee: Hand axe          ||   121
       Punch             ||     2
Invok: Berserk           ||     2
       Trog's Hand       ||     1
  Use: Scroll            ||     2
 Stab: Sleeping          ||     3
Armor: Animal skin       ||    48
Dodge: Dodged            ||    87

Table legend: (Time is in decaauts)
 A = Elapsed time spent in this place.
 B = Non-inter-level travel time spent in this place.
 C = Inter-level travel time spent in this place.
 D = Time resting spent in this place.
 E = Time spent auto-exploring this place.
 F = Levels seen in this place.
 G = Mean time per level.
                   A        B        C        D        E       F      G
               +--------+--------+--------+--------+--------+-----+--------+
         Total |   2440 |   2440 |      0 |     82 |   1996 |   3 |  813.3 |
       Dungeon |   2440 |   2440 |      0 |     82 |   1996 |   3 |  813.3 |
               +--------+--------+--------+--------+--------+-----+--------+

Top non-repeatable levels by time:
     D:1: 1339 daAuts
     D:2: 1018 daAuts
     D:3: 83 daAuts
